 Dungeon Crawl Stone Soup version 0.30-a0-629-gd54f4be4f7 (webtiles) character file.

Game seed: 11003788942037544290

1116 IdlyInterested the Chopper (level 8, -4/58 HPs)
             Began as a Demonspawn Gladiator on Jan 12, 2023.
             Shot with a bolt by an orc (6 damage)
             ... in a bailey.
             The game lasted 00:13:55 (4123 turns).

IdlyInterested the Chopper (Demonspawn Gladiator)   Turns: 4123, Time: 00:13:55

Health: -4/58      AC: 16    Str: 16    XL:     8   Next: 12%
Magic:  17/17      EV:  6    Int:  9    God:
Gold:   238        SH: 10    Dex: 16    Spells: 7/7 levels left

rFire   . . .      SeeInvis .    a - +0 war axe (spect)
rCold   . . .      Faith    .    (no shield)
rNeg    . . .      Spirit   .    l - +0 plate armour
rPois   .          Reflect  .    c - +0 helmet
rElec   .          Harm     .    (no cloak)
rCorr   .          Rampage  .    v - +0 pair of gloves
Will    .....                    k - +1 pair of boots Stlth
                                 (no amulet)
HPRegen 0.29/turn                j - ring of magical power
MPRegen 0.15/turn                (no ring)

@: mighty, very slow
A: large bone plates 2, powered by death 2, condensation shield, weakness
stinger 1
a: no special abilities


You were in a bailey.
You visited 2 branches of the dungeon, and saw 6 of its levels.
You also visited: Bailey.

You collected 238 gold pieces.

Inventory:

Hand Weapons
 a - a +0 spectral war axe (weapon)
 p - a +0 trident
 s - a +0 war axe
 x - a +1 vampiric hand axe
 F - a +0 spear
Missiles
 d - 3 throwing nets
 e - a javelin
 f - 65 stones (quivered)
 r - 4 boomerangs
 w - a boomerang of dispersal
 y - 2 poisoned darts
 E - 2 curare-tipped darts
Armour
 b - a +1 leather armour of cold resistance
 c - a +0 helmet (worn)
 k - a +1 pair of boots (worn)
 l - a +0 plate armour (worn)
 m - a +1 leather armour of willpower
 v - a +0 pair of gloves (worn)
Jewellery
 j - a ring of magical power (left hand)
 D - a ring of fire
Wands
 C - a wand of roots (2)
Scrolls
 u - 3 scrolls of vulnerability
 A - a scroll of fear
 B - 2 scrolls of identify {unknown}
Potions
 g - 2 potions of resistance
 h - a potion of lignification {unknown}
 i - 2 potions of cancellation
 n - 2 potions of brilliance {unknown}
 o - 2 potions of might
 t - 2 potions of flight {unknown}
 z - 2 potions of invisibility {unknown}


   Skills:
 - Level 3.0 Fighting
 + Level 7.2 Axes
 - Level 1.7 Throwing
 * Level 4.8 Armour
 - Level 2.6 Dodging
 - Level 1.0 Stealth
 - Level 1.0 Evocations


You had 7 spell levels left.
You didn't know any spells.
Your spell library contained the following spells:

 Spells                   Type           Power      Damage    Failure   Level
 Sandblast                Erth           0%         2d4       100%        1
 Passwall                 Tmut/Erth      0%         N/A       100%        2
 Gell's Gravitas          Tloc           0%         N/A       100%        3
 Lesser Beckoning         Tloc           0%         N/A       100%        3
 Stone Arrow              Conj/Erth      0%         3d7       100%        3
 Teleport Other           Tloc           0%         N/A       100%        3
 Animate Dead             Necr           0%         N/A       100%        4
 Haunt                    Necr/Summ      0%         N/A       100%        7
 Infestation              Necr           0%         N/A       100%        8


Dungeon Overview and Level Annotations

Branches:
Dungeon (7/15)             Temple (1/1) D:4          Bailey (1/1)

Altars:
Ashenzari
Cheibriados
Dithmenos
Fedhas
Hepliaklqana
Makhleb
Okawaru
Qazlal
Ru
Wu Jian
Xom
Yredelemnul


Innate Abilities, Weirdness & Mutations

You are mostly covered in large bone plates. (SH +6)
You regenerate health from kills.
A meltable shield of frost defends you. (SH +4)
You have a small tail.


Message History

You block the orc warrior's attack.
The orc warrior hits you but does no damage.
Your unstable footing causes you to fumble your attack.
You block the orc warrior's attack.
You closely miss the orc warrior.
The orc warrior is moderately wounded.
Your +0 spectral war axe hits the orc warrior!
You block the orc warrior's attack.
Your unstable footing causes you to fumble your attack.
The orc warrior hits you but does no damage.
You miss the orc warrior.
The orc warrior is severely wounded.
Your +0 spectral war axe completely misses the orc warrior.
The orc warrior hits you but does no damage.
You miss the orc warrior.
Your tail-slap misses the orc warrior.
The orc warrior is severely wounded.
Your +0 spectral war axe hits the orc warrior.
You block the orc warrior's attack.
You closely miss the orc warrior.
Your tail-slap misses the orc warrior.
The orc warrior is almost dead.
Your +0 spectral war axe misses the orc warrior.
The orc warrior hits you!
* * * LOW HITPOINT WARNING * * *
The orc warrior hits you.
* * * LOW HITPOINT WARNING * * *
You feel better. The orc warrior hits you.
* * * LOW HITPOINT WARNING * * *
You feel better. The orc warrior hits you.
* * * LOW HITPOINT WARNING * * *
You closely miss the orc warrior.
The orc warrior is almost dead.
Your +0 spectral war axe hits the orc warrior!
You kill the orc warrior!
The orc shoots a bolt.
The bolt hits you but does no damage.
The orc shoots a bolt.
The bolt hits you.
* * * LOW HITPOINT WARNING * * *
You feel very mighty all of a sudden.
The orc shoots a bolt.
The bolt barely misses you.
The orc shoots a bolt.
The bolt hits you.
You die...

... .. #.....~
≈≈≈ ~~
#.....≈≈### ≈~~
#.....≈##.##≈~
#.....≈#oo..~ ~~
#.....≈##oo# ~~~~
#.....≈≈#)##≈~~~~
#.....~≈§@≈≈≈~~~~
#.....~~~~~~~~~~~
#.....~~~~~~~~~~~
#.....~~~~~~~##~~
#.....~~~~~~~# #
#.....~~~~~~~#
#.....~~~~~~~#
#.....~~~~~~~#
#.....~~~~~~~##


You could see 4 orcs.

Vanquished Creatures
  Grinder (D:3)
  An orc warrior (Bailey)
  A sky beast (D:7)
  An ogre (D:4)
  A centaur (D:7)
  A bullfrog (D:7)
  A scorpion (D:4)
  2 jellies
  A hound (D:4)
  3 iguanas
  Natasha (thrice) (D:3)
  7 adders
  A shadow imp (D:7)
  A worm (D:4)
  2 dart slugs (D:2)
  17 orcs
  5 endoplasms
  3 giant cockroaches
  14 goblins
  5 hobgoblins
  3 quokkas
  6 ball pythons
  7 bats
  3 frilled lizards
  5 kobolds
  4 rats
  A spectral orc (D:3)
100 creatures vanquished.

Notes
Turn   | Place    | Note
-------+----------+-------------------------------------------
     0 | D:1      | IdlyInterested the Demonspawn Gladiator began the quest for
                  | the Orb.
     0 | D:1      | Reached XP level 1. HP: 16/16 MP: 1/1
   154 | D:1      | Reached skill level 3 in Axes
   227 | D:1      | Gained mutation: You regenerate a little health from kills.
                  | [demonic ancestry]
   227 | D:1      | Reached XP level 2. HP: 22/22 MP: 2/2
   419 | D:1      | Found a faded altar of an unknown god.
   798 | D:2      | Reached skill level 1 in Armour
   892 | D:2      | Gained mutation: You are partially covered in large bone
                  | plates. (SH +4) [demonic ancestry]
   892 | D:2      | Reached XP level 3. HP: 27/27 MP: 3/3
  1347 | D:2      | Reached skill level 1 in Stealth
  1984 | D:3      | Reached skill level 4 in Axes
  2006 | D:3      | Gained mutation: You have a small tail. [demonic ancestry]
  2006 | D:3      | Reached XP level 4. HP: 27/33 MP: 4/4
  2120 | D:3      | Noticed Natasha
  2128 | D:3      | Killed Natasha
  2267 | D:3      | Noticed Grinder
  2278 | D:3      | Killed Grinder
  2279 | D:3      | Reached skill level 5 in Axes
  2279 | D:3      | Gained mutation: You are mostly covered in large bone
                  | plates. (SH +6) [demonic ancestry]
  2279 | D:3      | Reached XP level 5. HP: 13/38 MP: 5/5
  2279 | D:3      | Gained mutation: A meltable shield of frost defends you.
                  | (SH +4) [demonic ancestry]
  2279 | D:3      | Reached XP level 6. HP: 15/44 MP: 6/6
  2395 | D:3      | Reached skill level 6 in Axes
  2535 | D:3      | Noticed Natasha
  2539 | D:3      | Killed Natasha
  2550 | D:3      | Noticed Natasha
  2553 | D:3      | Killed Natasha
  2650 | D:3      | Found a basalt altar of Yredelemnul.
  2948 | D:4      | Found a staircase to the Ecumenical Temple.
  2957 | Temple   | Entered the Ecumenical Temple
  3464 | D:4      | Found a hazy altar of Hepliaklqana.
  3470 | D:4      | Reached XP level 7. HP: 51/51 MP: 7/7
  3586 | D:4      | Reached skill level 1 in Evocations
  3590 | D:4      | Found a shadowy altar of Dithmenos.
  3776 | D:4      | Found an iron altar of Okawaru.
  3806 | D:4      | You fall into a shaft and drop 3 floors!
  4020 | D:7      | Found a flagged portal.
  4026 | D:7      | Reached skill level 7 in Axes
  4026 | D:7      | Gained mutation: You regenerate health from kills. [demonic
                  | ancestry]
  4026 | D:7      | Reached XP level 8. HP: 54/58 MP: 8/8
  4040 | Bailey   | Entered a bailey
  4122 | Bailey   | HP: 2/58 [orc/bolt (4)]
  4123 | Bailey   | Shot with a bolt by an orc

Illustrated notes

Levels and vault maps discovered:
D:1:      lightli_arrival_statue_moat, layout_rooms,
          hellmonk_ecumenical_altar_lost_god, corexii_hall_statues_deadend
D:2:      layout_rooms, serial_co_window_serial, co_window_corner_a,
          co_window_corner_a, co_window_of_opportunity_a, co_window_paths_a,
          co_window_paths_b, co_window_paths_a, co_window_unsneaky_path_c,
          co_window_cross_3, co_window_paths_c, co_window_2corner,
          co_window_cross_2, co_window_of_opportunity_b, glass_columns_a,
          glass_columns_a, chequers_serial_rivers_room_a, bh_walls_and_bars
D:3:      layout_basic, yredelemnul_forgotten_temple_becter,
          chequers_serial_rivers_small_3, minmay_mini_jars, uniq_grinder,
          uniq_natasha
D:4:      layout_loops_corners, mainiacjoe_overflow_surrounded_room,
          mainiacjoe_overflow_six_doors_small, mainiacjoe_overflow_tiny_flanked,
          minmay_temple_entry_gardened_gates, minmay_misc_feat_ornament
D:7:      layout_loops_corners, palyth_temple_overflow_mages,
          nicolae_uskayaw_dance_studio, enter_bailey_3, serial_shops,
          shop_statue, nicolae_lakefront_shop, kennysheep_mini_moat
Temple:   minmay_temple_curvy_loop
Bailey:   bailey_polearm_2, bailey

Skill      XL: |  1  2  3  4  5  6  7 |
---------------+----------------------+-----
Axes           | 3 4 5 6 7 |  7.2
Armour         | 1 2 3 4 |  4.8
Stealth        | 1 |  1.0
Fighting       | 3 |  3.0
Evocations     | 1 |  1.0
Throwing       | |  1.7
Dodging        | |  2.6

Action                   |  1- 3 |  4- 6 |  7- 9 || total
-------------------------+-------+-------+-------++-------
Melee: War axe           |   127 |    57 |    60 ||   244
       Tailslap          |       |     9 |    10 ||    19
Throw: Stone             |       |     2 |     7 ||     9
  Use: Scroll            |     2 |     3 |     1 ||     6
       Potion            |     1 |     1 |     4 ||     6
 Stab: Sleeping          |     2 |     5 |       ||     7
       Distracted        |       |     1 |       ||     1
Armor: Leather armour    |    54 |     9 |    25 ||    88
       Plate armour      |       |       |     6 ||     6
Dodge: Dodged            |    94 |    18 |    17 ||   129
Block: Other             |     9 |    14 |    34 ||    57

Table legend: (Time is in decaauts)
 A = Elapsed time spent in this place.
 B = Non-inter-level travel time spent in this place.
 C = Inter-level travel time spent in this place.
 D = Time resting spent in this place.
 E = Time spent auto-exploring this place.
 F = Levels seen in this place.
 G = Mean time per level.
                   A        B        C        D        E       F      G
               +--------+--------+--------+--------+--------+-----+--------+
         Total |   4201 |   3613 |    588 |     95 |   2376 |   7 |  600.1 |
       Dungeon |   3883 |   3318 |    565 |     95 |   2179 |   5 |  776.6 |
        Temple |    224 |    201 |     23 |      0 |    197 |   1 |  224.0 |
        Bailey |     94 |     94 |      0 |      0 |      0 |   1 |   94.0 |
               +--------+--------+--------+--------+--------+-----+--------+

Top non-repeatable levels by time:
     D:2: 1229 daAuts
     D:1: 850 daAuts
     D:3: 816 daAuts
     D:4: 746 daAuts
     D:7: 240 daAuts
  Temple: 224 daAuts
  Bailey: 94 daAuts
